[Event "Liberia Championship 2023"]
[Site "Monrovia"]
[Date "2024.01.19"]
[Round "5.1"]
[White "Daniel Kolliemelen"]
[Black "Arnold Smith"]
[Result "1/2-1/2"]
[ECO "A45"]
[WhiteElo "1809"]
[BlackElo "1844"]
[Annotator "NA RC"]
[PlyCount "92"]
[EventDate "2024.01.16"]
[EventType "swiss"]
[EventCountry "LBR"]
[SourceTitle "playchess.com"]
[Source "ChessBase"]
[SourceQuality "1"]
[TimeControl "40/5400+30:1800+30"]

1. d4 Nf6 2. e3 e6 3. f4 c5 4. c3 Be7 5. Bd3 d5 6. Nd2 b6 7. Nh3 O-O 8. Qf3 Bb7 9. O-O Ba6 10. Bxa6 Nxa6 11. Qe2 Qc8 12. Qd3 h6 13. a3 c4 14. Qc2 Qb7 15. Nf2 b5 16. g3 Nc7 17. Rb1 a5 18. e4 dxe4 19. Ndxe4 Nxe4 20. Qxe4 Qxe4 21. Nxe4 Nd5 22. f5 Rfb8 23. fxe6 fxe6 24. Bd2 Rf8 25. Rfe1 a4 26. Re2 Ra6 27. Rbe1 Rc6 28. Kg2 Rf7 29. h4 Bf8 30. Nf2 Re7 31. Nh3 Rb6 32. g4 g6 33. Nf4 Nxf4+ 34. Bxf4 Bg7 35. Kg3 Kf7 36. Kf3 Rd7 37. Be5 Bxe5 38. Rxe5 Rd5 39. Rxd5 exd5 40. Re5 Rf6+ 41. Ke3 Re6 42. Kf4 Rf6+ 43. Kg3 Rd6 44. g5 h5 45. Kf4 Rd8 46. Re2 Rd6 1/2-1/2

[Event "Liberia Championship 2023"]
[Site "Monrovia"]
[Date "2024.01.19"]
[Round "5.2"]
[White "Thomas, Saah"]
[Black "Barcon, Harmon"]
[Result "1/2-1/2"]
[ECO "C56"]
[WhiteElo "1889"]
[BlackElo "1902"]
[Annotator "NA RC"]
[PlyCount "105"]
[EventDate "2024.01.16"]
[EventType "swiss"]
[EventCountry "LBR"]
[SourceTitle "playchess.com"]
[Source "ChessBase"]
[SourceQuality "1"]
[TimeControl "40/5400+30:1800+30"]

1. e4 e5 2. Nf3 Nc6 3. Bc4 Nf6 4. O-O Bc5 5. c3 d6 6. d4 exd4 7. cxd4 Bb6 8. d5 Ne7 9. Nc3 O-O 10. h3 Ng6 11. a4 a5 12. Kh2 Re8 13. Qc2 h6 14. Bd2 Bd7 15. Rae1 Nh5 16. Ne2 Nh4 17. Nfd4 Qf6 18. Qd3 Qe5+ 19. g3 Ng6 20. Ne6 fxe6 21. Bc3 Qg5 22. f4 Qe7 23. dxe6 Bxe6 24. f5 Bxc4 25. Qxc4+ Qf7 26. Qxf7+ Kxf7 27. g4 Nf6 28. fxg6+ Kxg6 29. Nf4+ Kh7 30. Bxf6 gxf6 31. Nh5 Bd4 32. Nxf6+ Bxf6 33. Rxf6 Re7 34. Kg3 Kg7 35. Rf5 Ra6 36. Re2 Rf7 37. Rd5 Ra8 38. h4 b6 39. Rf5 Re8 40. Kf4 Re5 41. Rd2 Rc5 42. g5 hxg5+ 43. hxg5 Rc4 44. g6 Rxf5+ 45. Kxf5 Rc5+ 46. Rd5 Rc2 47. e5 Rf2+ 48. Ke6 dxe5 49. Kxe5 Rxb2 50. Rd7+ Kxg6 51. Rxc7 Rb4 52. Kd5 Rxa4 53. Rc6+ 1/2-1/2

[Event "Liberia Championship 2023"]
[Site "Monrovia"]
[Date "2024.01.19"]
[Round "5.3"]
[White "David Leroy Debblay"]
[Black "John Jallah"]
[Result "1-0"]
[ECO "B18"]
[WhiteElo "1791"]
[BlackElo "1761"]
[Annotator "NA RC"]
[PlyCount "103"]
[EventDate "2024.01.16"]
[EventType "swiss"]
[EventCountry "LBR"]
[SourceTitle "playchess.com"]
[Source "ChessBase"]
[SourceQuality "1"]
[TimeControl "40/5400+30:1800+30"]

1. e4 c6 2. d4 d5 3. Nc3 dxe4 4. Nxe4 Bf5 5. Ng3 Bg6 6. Nf3 h6 7. Bd3 Bxd3 8. Qxd3 e6 9. Bf4 Nf6 10. O-O Be7 11. c4 O-O 12. Rad1 Nbd7 13. Ne5 Qa5 14. a3 c5 15. Nxd7 Nxd7 16. d5 exd5 17. cxd5 Bf6 18. Bd2 Qb6 19. Bc3 Rfe8 20. Nf5 Bxc3 21. bxc3 Qg6 22. d6 Kh8 23. Ne7 Qxd3 24. Rxd3 Rad8 25. Rfd1 b6 26. Nc6 Ra8 27. f4 f6 28. Ne7 Kh7 29. Kf2 g6 30. Kf3 f5 31. g4 fxg4+ 32. Ke4 Nf6+ 33. Ke5 Kg7 34. Ke6 Ng8 35. Re3 Kf8 36. Kd7 Kf7 37. Rde1 Nf6+ 38. Kc6 Rad8 39. Re6 h5 40. a4 h4 41. a5 g3 42. hxg3 hxg3 43. R6e3 Nh5 44. d7 Rf8 45. Nd5 Kg8 46. Re8 Ng7 47. Nf6+ Kf7 48. Rxf8+ Rxf8 49. Ne8 Rxe8 50. Rxe8 g2 51. d8=Q g1=Q 52. Qe7# 1-0

[Event "Liberia Championship 2023"]
[Site "Monrovia"]
[Date "2024.01.19"]
[Round "5.4"]
[White "Obediah Saah"]
[Black "Bobby Ballah"]
[Result "1-0"]
[ECO "D05"]
[WhiteElo "1756"]
[BlackElo "1913"]
[Annotator "RC"]
[PlyCount "119"]
[EventDate "2024.01.16"]
[EventType "swiss"]
[EventCountry "LBR"]
[SourceTitle "playchess.com"]
[Source "ChessBase"]
[SourceQuality "1"]
[TimeControl "40/5400+30:1800+30"]

1. d4 Nf6 2. Nf3 b6 3. e3 Bb7 4. Bd3 d5 5. Nbd2 e6 6. Qe2 Bd6 7. e4 dxe4 8. Nxe4 O-O 9. O-O Nxe4 10. Bxe4 Bxe4 11. Qxe4 Nd7 12. Bg5 Nf6 13. Qe2 h6 14. Bh4 Be7 15. c3 Nd7 16. Bg3 Bf6 17. Rfd1 Re8 18. Qc4 c5 19. dxc5 Qc8 20. c6 Nc5 21. Qb5 e5 22. b4 Ne4 23. Qc4 Nxg3 24. hxg3 e4 25. Nd4 e3 26. f3 Qc7 27. Ne2 Rad8 28. b5 Re5 29. a4 Rc5 30. Qf4 Qc8 31. Rxd8+ Qxd8 32. Qxe3 Rxc3 33. Qf4 Rc2 34. Re1 Rxe2 35. Rxe2 Qd1+ 36. Kh2 Qxe2 37. Qb8+ Kh7 38. c7 Be5 39. Qd8 Qe1 40. f4 Bxc7 41. Qxc7 Qd1 42. Qc4 Qh5+ 43. Kg1 Qd1+ 44. Kf2 f5 45. Qf7 Qd2+ 46. Kg1 Qd1+ 47. Kh2 Qxa4 48. Qxf5+ Kg8 49. g4 Qd1 50. Qe6+ Kh7 51. Qf5+ Kh8 52. g5 hxg5 53. fxg5 Qd6+ 54. Kh3 Qc5 55. Qxc5 bxc5 56. Kg3 Kh7 57. Kf3 Kg6 58. Ke4 Kxg5 59. Kd5 Kg4 60. Kxc5 1-0

[Event "Liberia Championship 2023"]
[Site "Monrovia"]
[Date "2024.01.19"]
[Round "5.5"]
[White "Anthony Waylea, Jr."]
[Black "Miller Moore"]
[Result "1-0"]
[ECO "B90"]
[WhiteElo "1939"]
[BlackElo "1677"]
[Annotator "NA RC"]
[PlyCount "117"]
[EventDate "2024.01.16"]
[EventType "swiss"]
[EventCountry "LBR"]
[SourceTitle "playchess.com"]
[Source "ChessBase"]
[SourceQuality "1"]
[TimeControl "40/5400+30:1800+30"]

1. e4 c5 2. Nf3 d6 3. d4 cxd4 4. Nxd4 a6 5. a4 Nd7 6. Nc3 g6 7. Be2 Bg7 8. Be3 Ngf6 9. O-O O-O 10. Qd2 Nc5 11. f3 Qc7 12. Kh1 Bd7 13. Bh6 Rac8 14. Rfc1 Qa5 15. Nd5 Qd8 16. Nxf6+ exf6 17. Bxg7 Kxg7 18. b3 Ne6 19. Bc4 Nxd4 20. Qxd4 Be6 21. Bd5 Bxd5 22. Qxd5 Qb6 23. Qd3 Rc5 24. c4 a5 25. Rd1 Rd8 26. Qc3 Qb4 27. Qxb4 axb4 28. Rd3 Kf8 29. Rad1 Ke7 30. Rd5 b6 31. Kg1 Ke6 32. Kf2 Rd7 33. f4 Ke7 34. Ke3 Ke6 35. g4 h6 36. Kd4 g5 37. Ke3 Ke7 38. Kf2 Rd8 39. Kf3 Rd7 40. h4 Rd8 41. h5 Rd7 42. fxg5 fxg5 43. e5 Rxd5 44. Rxd5 dxe5 45. Rxe5+ Kf6 46. Rf5+ Ke6 47. Ke4 Rd1 48. Rb5 Re1+ 49. Kf3 f6 50. Rxb6+ Ke5 51. Rxb4 Kd4 52. a5 Kd3 53. Rb6 Rf1+ 54. Kg2 Re1 55. Rxf6 Re2+ 56. Rf2 Re4 57. Kg3 Re5 58. Ra2 Kc3 59. a6 1-0

[Event "Liberia Championship 2023"]
[Site "Monrovia"]
[Date "2024.01.19"]
[Round "5.6"]
[White "Alfred J. Kollie"]
[Black "Joel O. Ebiekuta"]
[Result "0-1"]
[ECO "D00"]
[WhiteElo "1612"]
[BlackElo "1875"]
[Annotator "NA RC"]
[PlyCount "92"]
[EventDate "2024.01.16"]
[EventType "swiss"]
[EventCountry "LBR"]
[SourceTitle "playchess.com"]
[Source "ChessBase"]
[SourceQuality "1"]
[TimeControl "40/5400+30:1800+30"]

1. d4 d5 2. Bg5 c6 3. c3 Bf5 4. Nd2 Nd7 5. f3 Ngf6 6. e3 Bg6 7. b4 e5 8. Nh3 exd4 9. exd4 Be7 10. Be2 O-O 11. O-O Re8 12. Nb3 Nb6 13. Nc5 Qc7 14. Bf4 Bd6 15. Bxd6 Qxd6 16. Bd3 Bxd3 17. Qxd3 Qc7 18. Rae1 Nc4 19. g3 b6 20. Nb3 Re7 21. Kf2 Rae8 22. Rxe7 Qxe7 23. Nc1 h6 24. Nf4 g5 25. Ng2 Qd7 26. Re1 Re6 27. Rxe6 Qxe6 28. g4 Kg7 29. h4 Nh7 30. Ne2 Nf8 31. Ng3 Ng6 32. Nf5+ Kf8 33. h5 Ne7 34. Nge3 Nxe3 35. Nxe3 Kg7 36. a4 Qc8 37. Ng2 f5 38. Qe2 Kf7 39. Kg3 Qc7+ 40. f4 fxg4 41. Qe5 Qxe5 42. fxe5 Nf5+ 43. Kxg4 Ke6 44. Kf3 c5 45. Ne3 cxb4 46. Nxf5 b3 0-1

[Event "Liberia Championship 2023"]
[Site "Monrovia"]
[Date "2024.01.19"]
[Round "5.7"]
[White "Kennedy Zinnah Kengo"]
[Black "James, Tondo"]
[Result "1/2-1/2"]
[ECO "C47"]
[WhiteElo "1789"]
[BlackElo "1837"]
[Annotator "NA RC"]
[PlyCount "142"]
[EventDate "2024.01.16"]
[EventType "swiss"]
[EventCountry "LBR"]
[SourceTitle "playchess.com"]
[Source "ChessBase"]
[SourceQuality "1"]
[TimeControl "40/5400+30:1800+30"]

1. e4 e5 2. Nf3 Nc6 3. Nc3 Nf6 4. d4 Bb4 5. dxe5 Nxe4 6. Qd3 d5 7. exd6 O-O 8. Be2 Nxc3 9. bxc3 Bf5 10. Qc4 Bxd6 11. Bd3 Qe7+ 12. Be3 Ne5 13. Nxe5 Qxe5 14. Qd4 Rfe8 15. Qxe5 Rxe5 16. Kd2 Rd8 17. Rhb1 b6 18. a4 Bc5 19. Bxc5 Rxc5 20. Rb5 Rcd5 21. c4 Rxb5 22. axb5 Bxd3 23. cxd3 Ra8 24. Kc3 Kf8 25. Kb4 Ke7 26. d4 Kd6 27. c5+ Kd5 28. Re1 Kxd4 29. Rd1+ Ke5 30. Rd7 Ke6 31. c6 a5+ 32. Ka4 Rc8 33. f4 h5 34. g3 g6 35. h3 Kf6 36. g4 hxg4 37. hxg4 Ke6 38. Kb3 Kf6 39. f5 Kg7 40. fxg6 Kxg6 41. g5 Kg7 42. Kc4 Kf8 43. Kd4 Kg7 44. Ke5 Kg6 45. Ke4 a4 46. Kd3 a3 47. Kc2 a2 48. Kb2 Ra8 49. Ka1 Ra7 50. Re7 Kg7 51. Rd7 Kf8 52. Rd8+ Ke7 53. Rd5 Ke6 54. Rd7 Ra5 55. Rxc7 Rxb5 56. Rb7 Rxg5 57. Kxa2 Rc5 58. Rxb6 Kd5 59. Rb7 f5 60. c7 Ke4 61. Kb2 f4 62. Rb4+ Kf5 63. Rb7 f3 64. Kb3 Ke4 65. Rb4+ Kd3 66. Rf4 Ke3 67. Rc4 Rxc4 68. Kxc4 f2 69. c8=Q f1=Q+ 70. Kb4 Qb1+ 71. Ka5 Qa2+ 1/2-1/2

[Event "Liberia Championship 2023"]
[Site "Monrovia"]
[Date "2024.01.19"]
[Round "5.8"]
[White "Harold Evans"]
[Black "Foday W. Kondoh"]
[Result "0-1"]
[ECO "B21"]
[WhiteElo "1735"]
[BlackElo "1785"]
[Annotator "NA RC"]
[PlyCount "68"]
[EventDate "2024.01.16"]
[EventType "swiss"]
[EventCountry "LBR"]
[SourceTitle "playchess.com"]
[Source "ChessBase"]
[SourceQuality "1"]
[TimeControl "40/5400+30:1800+30"]

1. e4 c5 2. d4 cxd4 3. Qxd4 Nc6 4. Qe3 d6 5. Nc3 g6 6. Bd2 Bg7 7. O-O-O Be6 8. Nd5 Bd4 9. Qe1 Nf6 10. Bc4 Rc8 11. Bb3 Bxd5 12. exd5 Ne5 13. Ne2 Nd3+ 14. Kb1 Nxe1 15. Bxe1 Bb6 16. h4 h5 17. f3 Ba5 18. Bf2 a6 19. Bd4 b5 20. g4 Bb6 21. Bc3 O-O 22. Bxf6 exf6 23. gxh5 Qe7 24. Ng3 Qe5 25. Rh3 a5 26. c3 b4 27. Bc2 bxc3 28. b3 a4 29. hxg6 axb3 30. gxf7+ Rxf7 31. axb3 Ra7 32. Bf5 Rca8 33. Be6+ Kh8 34. Nf5 Qe2 0-1

[Event "Liberia Championship 2023"]
[Site "Monrovia"]
[Date "2024.01.19"]
[Round "5.9"]
[White "Martin Dunbar"]
[Black "Prince Jegbadai"]
[Result "1-0"]
[ECO "C42"]
[WhiteElo "1709"]
[BlackElo "1627"]
[Annotator "NA RC"]
[PlyCount "77"]
[EventDate "2024.01.16"]
[EventType "swiss"]
[EventCountry "LBR"]
[SourceTitle "playchess.com"]
[Source "ChessBase"]
[SourceQuality "1"]
[TimeControl "40/5400+30:1800+30"]

1. e4 e5 2. Nf3 d6 3. Bc4 h6 4. h3 Nf6 5. Nc3 Be7 6. d3 a6 7. a3 Bd7 8. Bd2 Nc6 9. Qe2 Na5 10. Ba2 c5 11. g4 g5 12. Nd5 Nxd5 13. Bxd5 Nc6 14. c3 Qc7 15. Be3 Be6 16. Bxe6 fxe6 17. h4 Kd7 18. hxg5 hxg5 19. O-O-O Rag8 20. Rxh8 Rxh8 21. Bxg5 Qd8 22. Bxe7 Qxe7 23. Nd2 b5 24. f3 Qg5 25. Rf1 Qf4 26. Kb1 Rh2 27. Rf2 Rh1+ 28. Ka2 b4 29. Rg2 Qg5 30. Rh2 Rc1 31. Nb3 Rg1 32. Qd2 Qf4 33. Qe2 Kc7 34. d4 c4 35. Rh7+ Kb6 36. Qxc4 Qxf3 37. d5 Na7 38. Qxb4+ Nb5 39. Qa5# 1-0

[Event "Liberia Championship 2023"]
[Site "Monrovia"]
[Date "2024.01.19"]
[Round "5.10"]
[White "Rudolph Edwards"]
[Black "Jacob, Jallah"]
[Result "0-1"]
[ECO "B15"]
[WhiteElo "1630"]
[BlackElo "1781"]
[Annotator "NA RC"]
[PlyCount "60"]
[EventDate "2024.01.16"]
[EventType "swiss"]
[EventCountry "LBR"]
[SourceTitle "playchess.com"]
[Source "ChessBase"]
[SourceQuality "1"]
[TimeControl "40/5400+30:1800+30"]

1. e4 c6 2. Nc3 d5 3. d4 dxe4 4. Nxe4 Nf6 5. Nxf6+ exf6 6. Be2 Bd6 7. Nf3 Bf5 8. Nh4 Nd7 9. O-O Bg6 10. Re1 O-O 11. Bc4 Re8 12. Be3 a5 13. a4 Nb6 14. Bb3 Nd5 15. Nxg6 hxg6 16. Qf3 f5 17. Rad1 Re4 18. c4 Nf6 19. c5 Be7 20. Bc2 Rh4 21. Bg5 Rg4 22. Bxf6 Bxf6 23. d5 cxd5 24. Rxd5 Qc7 25. Red1 Re8 26. b3 b6 27. Rd7 Qxd7 28. h3 Rd4 29. Rf1 bxc5 30. Bd1 Rd3 0-1

[Event "Liberia Championship 2023"]
[Site "Monrovia"]
[Date "2024.01.20"]
[Round "6.1"]
[White "Arnold Smith"]
[Black "Barcon, Harmon"]
[Result "1/2-1/2"]
[ECO "C65"]
[WhiteElo "1844"]
[BlackElo "1902"]
[Annotator "NA RC"]
[PlyCount "74"]
[EventDate "2024.01.16"]
[EventType "swiss"]
[EventCountry "LBR"]
[SourceTitle "playchess.com"]
[Source "ChessBase"]
[SourceQuality "1"]
[TimeControl "40/5400+30:1800+30"]

1. e4 e5 2. Nf3 Nc6 3. Bb5 Nf6 4. O-O Bc5 5. Nxe5 Nxe5 6. d4 Qe7 7. dxc5 Qxc5 8. Nc3 O-O 9. Ba4 c6 10. Bb3 Re8 11. Be3 Qa5 12. f3 Ng6 13. Qd2 Qc7 14. Rad1 b5 15. Qd6 Qxd6 16. Rxd6 a5 17. a4 b4 18. Ne2 Ba6 19. Kf2 Rxe4 20. Rxf6 Rxe3 21. Bxf7+ Kf8 22. Bxg6+ gxf6 23. Kxe3 hxg6 24. Re1 Bxe2 25. Rxe2 Re8+ 26. Kd3 Rxe2 27. Kxe2 d5 28. Kd3 Ke7 29. c3 bxc3 30. bxc3 c5 31. h4 f5 32. g4 fxg4 33. fxg4 Kf6 34. Ke3 Ke5 35. Kf3 Ke6 36. Kf4 Kf6 37. h5 g5+ 1/2-1/2

[Event "Liberia Championship 2023"]
[Site "Monrovia"]
[Date "2024.01.20"]
[Round "6.2"]
[White "David Leroy Debblay"]
[Black "Thomas, Saah"]
[Result "0-1"]
[ECO "B32"]
[WhiteElo "1791"]
[BlackElo "1889"]
[Annotator "NA RC"]
[PlyCount "90"]
[EventDate "2024.01.16"]
[EventType "swiss"]
[EventCountry "LBR"]
[SourceTitle "playchess.com"]
[Source "ChessBase"]
[SourceQuality "1"]
[TimeControl "40/5400+30:1800+30"]

1. e4 c5 2. Nf3 Nc6 3. d4 cxd4 4. Nxd4 e5 5. Nf3 f5 6. Bc4 fxe4 7. Qd5 Qa5+ 8. Qxa5 Nxa5 9. Nxe5 Nxc4 10. Nxc4 d5 11. Ne3 Nf6 12. c3 Bc5 13. O-O O-O 14. a4 b6 15. Na3 a5 16. Nb5 Rf7 17. Nc2 Ng4 18. Be3 Ba6 19. Ncd4 Bxb5 20. axb5 a4 21. b4 Nxe3 22. fxe3 Bxd4 23. cxd4 Rxf1+ 24. Kxf1 a3 25. Kf2 a2 26. Kg3 Kf7 27. Kf4 Ke6 28. h4 h6 29. Kg3 Ra3 30. Kf4 g6 31. g4 Ra4 32. Kg3 Ra3 33. Kf4 Ra8 34. Kg3 Ra4 35. Kf4 Ra3 36. Kg3 Rxe3+ 37. Kf2 Ra3 38. Kg2 h5 39. gxh5 gxh5 40. Kf2 Kf5 41. Ke2 Kg4 42. Kd2 e3+ 43. Kc2 e2 44. Kb2 Ra8 45. Rg1+ Kf3 0-1

[Event "Liberia Championship 2023"]
[Site "Monrovia"]
[Date "2024.01.20"]
[Round "6.3"]
[White "Obediah Saah"]
[Black "Daniel Kolliemelen"]
[Result "1-0"]
[ECO "D30"]
[WhiteElo "1756"]
[BlackElo "1809"]
[Annotator "NA RC"]
[PlyCount "89"]
[EventDate "2024.01.16"]
[EventType "swiss"]
[EventCountry "LBR"]
[SourceTitle "playchess.com"]
[Source "ChessBase"]
[SourceQuality "1"]
[TimeControl "40/5400+30:1800+30"]

1. d4 d5 2. Nf3 e6 3. e3 Nd7 4. c4 c6 5. Bd3 Bd6 6. O-O f5 7. Nbd2 Qe7 8. cxd5 cxd5 9. Qa4 Ngf6 10. Ne5 O-O 11. f4 Nb6 12. Qd1 Bb8 13. Rf3 Nfd7 14. Rh3 g6 15. Qf3 Nxe5 16. fxe5 Bd7 17. b3 Rc8 18. a4 Be8 19. Ba3 Qf7 20. Rf1 Bc7 21. g4 Bd8 22. gxf5 exf5 23. Rg3 Bd7 24. Bxf5 Be7 25. Bxe7 Bxf5 26. Bd6 Rc2 27. Rg2 Kh8 28. Qd1 Rac8 29. Bc5 Rc3 30. e4 dxe4 31. Nxe4 Nd5 32. Nxc3 Ne3 33. Qf3 Nxf1 34. Qxf1 b6 35. Nb5 Qe6 36. Nd6 bxc5 37. Nxc8 Bh3 38. Qf8+ Qg8 39. Qxg8+ Kxg8 40. Rf2 Bxc8 41. d5 Bf5 42. Rxf5 gxf5 43. e6 Kg7 44. d6 Kf6 45. d7 1-0

[Event "Liberia Championship 2023"]
[Site "Monrovia"]
[Date "2024.01.20"]
[Round "6.4"]
[White "Joel O. Ebiekuta"]
[Black "Anthony Waylea, Jr."]
[Result "1/2-1/2"]
[ECO "B00"]
[WhiteElo "1875"]
[BlackElo "1939"]
[Annotator "NA RC"]
[PlyCount "107"]
[EventDate "2024.01.16"]
[EventType "swiss"]
[EventCountry "LBR"]
[SourceTitle "playchess.com"]
[Source "ChessBase"]
[SourceQuality "1"]
[TimeControl "40/5400+30:1800+30"]

1. e4 Nc6 2. d4 e5 3. dxe5 Nxe5 4. Nf3 Qf6 5. Be2 Bc5 6. Nc3 Ne7 7. O-O d6 8. Nd5 Nxd5 9. Qxd5 c6 10. Qb3 O-O 11. Be3 Bxe3 12. fxe3 Qe7 13. Rad1 Be6 14. Qc3 Nxf3+ 15. Bxf3 Rad8 16. Rd3 f5 17. Rfd1 fxe4 18. Bxe4 d5 19. Bf3 Bf5 20. Rd4 Rde8 21. Re1 Qf6 22. Qd2 Qg6 23. c4 dxc4 24. Rxc4 Be6 25. Be4 Qf7 26. Rd4 Bxa2 27. Rd7 Re7 28. Rxe7 Qxe7 29. Qd3 Qf7 30. Bxh7+ Kh8 31. Kh1 Bc4 32. Qb1 Qf1+ 33. Rxf1 Rxf1+ 34. Qxf1 Bxf1 35. Bg6 Bc4 36. Kg1 a5 37. Kf2 a4 38. Ke1 b5 39. Kd2 b4 40. Kc2 a3 41. bxa3 bxa3 42. g4 Kg8 43. h4 Kf8 44. h5 Ke7 45. g5 Be6 46. e4 c5 47. Bf5 a2 48. Kb2 Bb3 49. e5 c4 50. h6 gxh6 51. gxh6 c3+ 52. Ka1 Kf8 53. Bg6 Kg8 54. Bd3 1/2-1/2

[Event "Liberia Championship 2023"]
[Site "Monrovia"]
[Date "2024.01.20"]
[Round "6.5"]
[White "Bobby Ballah"]
[Black "James, Tondo"]
[Result "0-1"]
[ECO "B00"]
[WhiteElo "1913"]
[BlackElo "1837"]
[Annotator "NA RC"]
[PlyCount "88"]
[EventDate "2024.01.16"]
[EventType "swiss"]
[EventCountry "LBR"]
[SourceTitle "playchess.com"]
[Source "ChessBase"]
[SourceQuality "1"]
[TimeControl "40/5400+30:1800+30"]

1. e4 b6 2. d4 Bb7 3. Nc3 Nf6 4. Bd3 e6 5. Nf3 c5 6. d5 exd5 7. exd5 Nxd5 8. Nxd5 Bxd5 9. Bxh7 Qe7+ 10. Be3 Bc4 11. Bd3 Bxd3 12. Qxd3 Nc6 13. a3 Ne5 14. Nxe5 Qxe5 15. O-O-O O-O-O 16. Qa6+ Kb8 17. g3 g6 18. Bf4 Bh6 19. Bxh6 Rxh6 20. a4 g5 21. a5 d5 22. Rhe1 Qc7 23. Re2 Re6 24. Rxe6 fxe6 25. axb6 Qxb6 26. Qxb6+ axb6 27. Re1 Re8 28. Re5 g4 29. Rg5 Rh8 30. Rxg4 Rxh2 31. Rg6 Rxf2 32. Rxe6 Kb7 33. g4 Rg2 34. Rg6 Ka6 35. g5 Kb5 36. Rg8 d4 37. g6 Kc4 38. g7 b5 39. Kb1 b4 40. b3+ Kc3 41. Rc8 Rg1+ 42. Ka2 Rxg7 43. Rxc5+ Kd2 44. Rc4 Kc1 0-1

[Event "Liberia Championship 2023"]
[Site "Monrovia"]
[Date "2024.01.20"]
[Round "6.6"]
[White "John Jallah"]
[Black "Foday W. Kondoh"]
[Result "1-0"]
[ECO "C43"]
[WhiteElo "1761"]
[BlackElo "1785"]
[Annotator "NA RC"]
[PlyCount "75"]
[EventDate "2024.01.16"]
[EventType "swiss"]
[EventCountry "LBR"]
[SourceTitle "playchess.com"]
[Source "ChessBase"]
[SourceQuality "1"]
[TimeControl "40/5400+30:1800+30"]

1. e4 e5 2. Nf3 Nf6 3. d4 exd4 4. e5 Bb4+ 5. c3 dxc3 6. bxc3 Be7 7. exf6 Bxf6 8. Qe2+ Be7 9. Qc2 O-O 10. Bd3 d6 11. Bxh7+ Kh8 12. Bd3 Bg4 13. Nbd2 Nd7 14. O-O Nc5 15. Bf5 Bxf5 16. Qxf5 g6 17. Qg4 Kg7 18. Nb3 Nd7 19. Be3 c5 20. Rfd1 Nf6 21. Qf4 b6 22. Qh6+ Kg8 23. Ng5 Re8 24. c4 Bf8 25. Qh3 Nh5 26. Qf3 Qd7 27. g4 f6 28. gxh5 fxg5 29. hxg6 Bg7 30. Rac1 Rad8 31. Bxg5 Rc8 32. Qd5+ Kh8 33. Qf3 Re5 34. Bf6 Rf8 35. Rxd6 Qf5 36. Bxg7+ Kxg7 37. Qb7+ Kh6 38. g7+ 1-0

[Event "Liberia Championship 2023"]
[Site "Monrovia"]
[Date "2024.01.20"]
[Round "6.7"]
[White "Martin Dunbar"]
[Black "Kennedy Zinnah Kengo"]
[Result "1-0"]
[ECO "C55"]
[WhiteElo "1709"]
[BlackElo "1789"]
[Annotator "NA RC"]
[PlyCount "113"]
[EventDate "2024.01.16"]
[EventType "swiss"]
[EventCountry "LBR"]
[SourceTitle "playchess.com"]
[Source "ChessBase"]
[SourceQuality "1"]
[TimeControl "40/5400+30:1800+30"]

1. e4 e5 2. Nf3 Nc6 3. Bc4 Bc5 4. a3 Nf6 5. Nc3 O-O 6. d3 d6 7. h3 h6 8. Qe2 Nd4 9. Nxd4 exd4 10. Nd5 Nxd5 11. Bxd5 c6 12. Ba2 d5 13. Bd2 dxe4 14. dxe4 Qf6 15. O-O-O Re8 16. f4 Bf5 17. Qc4 Be6 18. Qxc5 Bxa2 19. e5 Qe7 20. Qxe7 Rxe7 21. b3 d3 22. Kb2 dxc2 23. Kxc2 Rd7 24. Bb4 Rad8 25. Rxd7 Rxd7 26. Bd6 f6 27. Kb2 fxe5 28. fxe5 Bxb3 29. Kxb3 Kf7 30. Rf1+ Ke6 31. Kc4 b6 32. Rf8 h5 33. Re8+ Kf5 34. Rc8 Rf7 35. Rc7 Rxc7 36. Bxc7 Ke6 37. Kd4 Kd7 38. Bd6 a5 39. g4 hxg4 40. hxg4 g6 41. Ke4 a4 42. Kf4 c5 43. Kg5 Ke6 44. Kxg6 c4 45. Kh7 c3 46. Bb4 Kxe5 47. g5 c2 48. Bd2 Kd4 49. g6 Kd3 50. Bc1 Ke2 51. g7 Kd1 52. Bb2 c1=Q 53. Bxc1 Kxc1 54. g8=Q Kb2 55. Qf8 b5 56. Qb4+ Ka2 57. Kg6 1-0

[Event "Liberia Championship 2023"]
[Site "Monrovia"]
[Date "2024.01.20"]
[Round "6.8"]
[White "Jacob, Jallah"]
[Black "Miller Moore"]
[Result "1-0"]
[ECO "A05"]
[WhiteElo "1781"]
[BlackElo "1677"]
[Annotator "NA RC"]
[PlyCount "71"]
[EventDate "2024.01.16"]
[EventType "swiss"]
[EventCountry "LBR"]
[SourceTitle "playchess.com"]
[Source "ChessBase"]
[SourceQuality "1"]
[TimeControl "40/5400+30:1800+30"]

1. Nf3 Nf6 2. g3 b6 3. Bg2 Bb7 4. b3 g6 5. Bb2 Bg7 6. d3 Nc6 7. O-O O-O 8. e4 d6 9. Nbd2 Re8 10. Rb1 Rb8 11. Re1 e5 12. a3 Qd7 13. d4 exd4 14. Nxd4 Re7 15. Nxc6 Bxc6 16. Qf3 Rbe8 17. Bxf6 Bxf6 18. Qxf6 Re6 19. Qd4 Ba8 20. Re3 c5 21. Qd3 Qc6 22. Bf3 Rf6 23. Bg2 Re5 24. f4 Re7 25. Bf3 Qe8 26. Rbe1 b5 27. e5 dxe5 28. Bxa8 Qxa8 29. Rxe5 Rxe5 30. Rxe5 Qc6 31. Ne4 Re6 32. Rxe6 fxe6 33. Qd8+ Kg7 34. Qe7+ Kh6 35. Qf8+ Kh5 36. Nf6# 1-0

[Event "Liberia Championship 2023"]
[Site "Monrovia"]
[Date "2024.01.20"]
[Round "6.9"]
[White "Prince Jegbadai"]
[Black "Alfred J. Kollie"]
[Result "0-1"]
[ECO "C24"]
[WhiteElo "1627"]
[BlackElo "1612"]
[Annotator "NA RC"]
[PlyCount "114"]
[EventDate "2024.01.16"]
[EventType "swiss"]
[EventCountry "LBR"]
[SourceTitle "playchess.com"]
[Source "ChessBase"]
[SourceQuality "1"]
[TimeControl "40/5400+30:1800+30"]

1. e4 e5 2. Bc4 Be7 3. d3 Nf6 4. Nf3 d6 5. h3 Nc6 6. a3 O-O 7. O-O Na5 8. Ba2 c5 9. Nc3 Be6 10. Ng5 Bxa2 11. Nxa2 Nc6 12. c3 a6 13. Be3 b5 14. Nc1 a5 15. Ne2 Nh5 16. Nf3 a4 17. d4 c4 18. d5 Na5 19. Nh2 g6 20. f4 exf4 21. Nxf4 Ng3 22. Rf3 Nxe4 23. Ne2 Nb3 24. Rb1 Nbc5 25. Qf1 f5 26. Nd4 Rb8 27. Bh6 Qb6 28. Bxf8 Rxf8 29. Qd1 Bf6 30. Nf1 Nd3 31. Rxd3 cxd3 32. Qxd3 Qc5 33. Ne3 Bg5 34. Re1 Bxe3+ 35. Rxe3 Rb8 36. Kh2 Qxd5 37. Nf3 Qxd3 38. Rxd3 h6 39. Rd5 Kf7 40. Nd4 f4 41. Rxb5 Rxb5 42. Nxb5 Ke6 43. c4 Nd2 44. Nc3 Nxc4 45. Nxa4 d5 46. Kg1 d4 47. Kf1 Kd5 48. Ke2 g5 49. Kf3 d3 50. Nc3+ Kd4 51. Nb5+ Kc5 52. Nc3 Nxb2 53. Ne4+ Kd4 54. Nd2 Nc4 55. Ne4 Ne5+ 56. Kf2 Kxe4 57. a4 Nc4 0-1

[Event "Liberia Championship 2023"]
[Site "Monrovia"]
[Date "2024.01.21"]
[Round "7.1"]
[White "Thomas, Saah"]
[Black "Arnold Smith"]
[Result "1-0"]
[ECO "C30"]
[WhiteElo "1889"]
[BlackElo "1844"]
[Annotator "NA RC"]
[PlyCount "79"]
[EventDate "2024.01.16"]
[EventType "swiss"]
[EventCountry "LBR"]
[SourceTitle "playchess.com"]
[Source "ChessBase"]
[SourceQuality "1"]
[TimeControl "40/5400+30:1800+30"]

1. e4 e5 2. Bc4 Nf6 3. Nc3 Bc5 4. f4 d6 5. Nf3 Bg4 6. h3 Bxf3 7. Qxf3 Nc6 8. Ne2 Qe7 9. d3 Nd4 10. Nxd4 Bxd4 11. c3 Bb6 12. g4 Nd7 13. Rf1 f6 14. a4 a5 15. f5 O-O-O 16. Be3 Kb8 17. b4 Rc8 18. bxa5 Bxa5 19. Kd2 Nb6 20. Be6 Rcd8 21. Rfb1 Nd7 22. Rb5 Bb6 23. Rab1 Bxe3+ 24. Qxe3 Nc5 25. Bd5 Kc8 26. Bxb7+ Kd7 27. a5 Nxb7 28. Rxb7 Ra8 29. Qb6 Rhc8 30. Qb5+ Kd8 31. Qd5 h6 32. c4 Ke8 33. Qc6+ Qd7 34. Qd5 Kf8 35. Ra1 Ra6 36. Qb5 Qxb5 37. cxb5 Raa8 38. a6 Ke8 39. Rc1 Kd8 40. a7 1-0